 Dungeon Crawl Stone Soup version 0.19.1 (webtiles) character file.

1413 Firecrotchwizard the Skirmisher (level 8, -1/81 HPs)
             Began as a Troll Fighter on Dec 22, 2016.
             Was a Follower of Okawaru.
             Succumbed to a killer bee's poison
             ... on level 6 of the Dungeon.
             The game lasted 00:18:23 (5508 turns).

Firecrotchwizard the Skirmisher (Troll Fighter)     Turns: 5508, Time: 00:18:23

Health: -1/81      AC:  7    Str: 25    XL:     8   Next: 43%
Magic:  5/7        EV: 19    Int:  4    God:    Okawaru [*.....]
Gold:   248        SH:  0    Dex: 11    Spells: 0 memorised, 7 levels left

rFire  . . .     SeeInvis .     C - +1 giant club
rCold  . . .     Gourm    +     v - +0 animal skin
rNeg   . . .     Faith    .     (shield currently unavailable)
rPois  .         Spirit   .     (helmet restricted)
rElec  .         Reflect  .     y - +1 cloak
rCorr  +         Harm     .     (gloves unavailable)
MR     .....                    (boots unavailable)
Stlth  +++.......               (no amulet)
                                G - +5 ring of evasion
                                w - ring of resist corrosion

@: lethally poisoned (-1 -> -12), heroism
A: unfitting armour, claws 3, fast metabolism 3, gourmand, regeneration 1,
shaggy fur 1, tough skin 2
a: Heroism, Renounce Religion


You were on level 6 of the Dungeon.
You worshipped Okawaru.
Okawaru was aware of your devotion.
You were very full.

You visited 2 branches of the dungeon, and saw 7 of its levels.

You collected 248 gold pieces.

Inventory:

Hand Weapons
 a - a +0 flail
 C - a +1 giant club (weapon)
Missiles
 B - 6 large rocks (quivered)
Armour
 b - a +0 robe
 c - a +0 shield
 v - a +0 animal skin (worn)
 y - a +1 cloak (worn)
Jewellery
 s - an uncursed amulet of magic regeneration
 w - a ring of resist corrosion (left claw)
 z - an uncursed ring of wizardry
 G - a +5 ring of evasion (right claw)
Scrolls
 e - a scroll of amnesia
 h - 2 scrolls of noise
 l - a scroll of fog
 m - 2 scrolls of remove curse
 p - a scroll of magic mapping
 u - a scroll of identify
 A - 2 scrolls of teleportation
 I - a scroll of recharging
Potions
 d - 3 potions of might
 i - a potion of mutation {unknown}
 j - a potion of berserk rage {unknown}
 n - 2 potions of heal wounds
 q - a potion of haste {unknown}
 r - 2 potions of brilliance {unknown}
 t - 3 potions of cure mutation
 E - a potion of cancellation {unknown}
 F - a potion of curing {unknown}
Books
 k - a book of Debilitation

   Spells                             Type                      Level
   a - Corona                         Hexes                        1
   b - Slow                           Hexes                        2
   c - Gell's Gravitas                Hexes/Translocation          3
   d - Inner Flame                    Hexes/Fire                   3
   e - Cause Fear                     Hexes                        4
   f - Leda's Liquefaction            Hexes/Earth                  4
 o - a book of Conjurations

   Spells                             Type                      Level
   a - Magic Dart                     Conjuration                  1
   b - Searing Ray                    Conjuration                  2
   c - Dazzling Spray                 Conjuration/Hexes            3
   d - Fulminant Prism                Conjuration/Hexes            4
   e - Iskenderun's Mystic Blast      Conjuration                  4
   f - Iskenderun's Battlesphere      Conjuration/Charms           5
Comestibles
 f - 3 bread rations
 g - 4 meat rations
 x - 3 beef jerkies
 D - 4 fruits
 H - a slice of pizza


   Skills:
 * Level 5.5(10.5) Fighting
 * Level 5.3(10.3) Maces & Flails
 + Level 2.8(7.8) Throwing
 + Level 3.9(8.9) Dodging
 + Level 4.1(9.1) Shields


You had 7 spell levels left.
You didn't know any spells.

Dungeon Overview and Level Annotations

Branches:
Dungeon (6/15)             Temple (1/1) D:4

Altars:
Ashenzari
Cheibriados
Dithmenos
Fedhas
Gozag
Hepliaklqana
Makhleb
Nemelex Xobeh
Okawaru
Qazlal
Ru
Sif Muna
Trog
Uskayaw
Vehumet
Xom
Yredelemnul
Zin
The Shining One


Innate Abilities, Weirdness & Mutations

You are too large for most types of armour.
You have claws for hands.
Your metabolism is lightning-fast.
You like to eat raw meat.
Your natural rate of healing is unusually fast.
You are covered in fur. (AC +1)
You have very tough skin. (AC +2)


Message History

The killer bee poisons you!
You closely miss the killer bee.
The killer bee is moderately wounded.
You feel very sick. The killer bee barely misses you.
The killer bee stings you!
* * * LOW HITPOINT WARNING * * *
You are more poisoned.
The killer bee poisons you!
You miss the killer bee.
The killer bee is moderately wounded.
* * * LOW HITPOINT WARNING * * *
You feel sick. The killer bee closely misses you.
The killer bee barely misses you. The killer bee closely misses you.
You barely miss the killer bee.
The killer bee is moderately wounded.
* * * LOW HITPOINT WARNING * * *
You feel sick.
The killer bee completely misses you. x2
You closely miss the killer bee.
The killer bee is moderately wounded.
You die...

######## ###
#......# ...
##......#######
##.#
#..._.........#
##...#
#......#####..#
##.(..o####......#
#...
.....yoy@........#
#...
##...oy####.#.##.#
#.#. .......
#.#.##.#####)#.
.###.##
#.#.##.......#>
...
#.#.#####.####.
### #.#.# #.# ##
..... #.# .....
#.# #.#


You could see 3 killer bees, an orc wizard and 2 orcs.

Vanquished Creatures
  Grinder (D:5)
  An ice beast (D:5)
  A phantom (D:5)
  An ogre (D:4)
  A bullfrog (D:6)
  A scorpion (D:4)
  A killer bee (D:6)
  A water moccasin skeleton (D:5)
  A wight (D:6)
  2 howler monkeys
  2 bullfrog zombies (D:6)
  A bullfrog skeleton (D:4)
  A centaur zombie (D:5)
  An orc wizard (D:5)
  4 hounds
  3 worker ants
  2 worker ant zombies (D:6)
  Robin (D:3)
  4 gnolls (D:6)
  7 adders
  An ooze (D:2)
  An adder zombie (D:4)
  4 worms
  A dart slug (D:5)
  7 leopard geckos
  16 orcs
  3 giant cockroaches
  14 goblins
  12 hobgoblins
  8 jackals
  11 kobolds
  3 quokkas
  4 bats
  4 frilled lizards
  A leopard gecko skeleton (D:5)
  A leopard gecko zombie (D:6)
  A quokka skeleton (D:4)
  4 rats
133 creatures vanquished.

Notes
Turn   | Place    | Note
-------+----------+-------------------------------------------
     0 | D:1      | Firecrotchwizard the Troll Fighter began the quest for the Orb.
     0 | D:1      | Reached XP level 1. HP: 22/22 MP: 0/0
   220 | D:1      | Reached XP level 2. HP: 29/29 MP: 1/1
   971 | D:2      | Reached XP level 3. HP: 26/36 MP: 2/2
  1081 | D:2      | Found a glowing silver altar of Zin.
  1274 | D:2      | Noticed a dagger
  1275 | D:2      | Found a hide-covered altar of Uskayaw.
  1276 | D:2      | Noticed a hand axe
  1337 | D:2      | Reached XP level 4. HP: 42/44 MP: 3/3
  1387 | D:2      | Found a glowing golden altar of the Shining One.
  1577 | D:3      | Noticed Robin
  1765 | D:3      | Killed Robin
  2178 | D:3      | Reached XP level 5. HP: 44/53 MP: 4/4
  2916 | D:4      | Noticed an ogre
  2918 | D:4      | Killed an ogre
  2918 | D:4      | Reached XP level 6. HP: 62/62 MP: 5/5
  3183 | D:4      | Found a staircase to the Ecumenical Temple.
  3192 | Temple   | Entered the Ecumenical Temple
  3437 | D:4      | Reached skill level 1 in Throwing
  3526 | D:4      | Found an iron altar of Okawaru.
  3539 | D:4      | Became a worshipper of Warmaster Okawaru
  3728 | D:4      | Found a burning altar of Makhleb.
  3883 | D:5      | Entered Level 5 of the Dungeon
  3912 | D:5      | Reached XP level 7. HP: 12/70 MP: 6/6
  4087 | D:5      | Found a shadowy altar of Dithmenos.
  4425 | D:5      | Noticed Grinder
  4430 | D:5      | Paralysed by Grinder for 6 turns
  4442 | D:5      | Paralysed by Grinder for 7 turns
  4453 | D:5      | Killed Grinder
  4765 | D:5      | Reached skill level 5 in Fighting
  4765 | D:5      | Reached skill level 5 in Maces & Flails
  4765 | D:5      | Reached XP level 8. HP: 68/80 MP: 7/7
  4843 | D:5      | Reached * piety under Okawaru
  5136 | D:6      | Found a radiant altar of Vehumet.
  5149 | D:6      | Found a sacrificial altar of Ru.
  5171 | D:6      | Found a hazy altar of Hepliaklqana.
  5220 | D:6      | Found a shattered altar of Ashenzari.
  5393 | D:6      | Found a radiant altar of Vehumet.
  5505 | D:6      | HP: 4/81 [killer bee (9)]
  5507 | D:6      | HP: 1/81 [poisoned by a killer bee]
  5508 | D:6      | Succumbed to a killer bee's poison

Skill      XL: |  1  2  3  4  5  6  7 |
---------------+----------------------+-----
Maces & Flails | 2 3 5 |  5.3
Shields        | 3 4 |  4.1
Fighting       | 3 4 5 |  5.5
Dodging        | 3 |  3.9
Throwing       | 1 2 |  2.8

Action                   |  1- 3 |  4- 6 |  7- 9 || total
-------------------------+-------+-------+-------++-------
Melee: Flail             |   146 |   158 |       ||   304
       Giant club        |       |    72 |   216 ||   288
Throw: Large rock        |       |     2 |     3 ||     5
Invok: Heroism           |       |       |     1 ||     1
  Use: Scroll            |       |    12 |     1 ||    13
  Eat: Chunk             |    13 |    20 |    21 ||    54
       Fruit             |       |     4 |       ||     4
Armor: Robe              |    59 |    19 |       ||    78
       Animal skin       |       |    53 |    79 ||   132
Dodge: Dodged            |    64 |   113 |   190 ||   367
Block: Shield            |    85 |    91 |       ||   176
